 Dungeon Crawl Stone Soup version 0.27-a0-590-g94244163b4 (webtiles) character file.

Game seed: 4171579495916065856

152 Anon1729 the Cudgeller (level 5, -2/43 HPs)
             Began as a Palentonga Warper on Mar 10, 2021.
             Killed by nerve-wracking pain
             ... invoked by an orc priest
              (14 damage)
             ... on level 3 of the Dungeon.
             The game lasted 00:01:43 (2656 turns).

Anon1729 the Cudgeller (Palentonga Warper)          Turns: 2656, Time: 00:01:44

Health: -2/43      AC:  4    Str: 14    XL:     5   Next: 11%
Magic:  8/8        EV:  9    Int: 15    God:
Gold:   72         SH:  0    Dex:  9    Spells: 8/8 levels left

rFire    . . .     SeeInvis +   l - +1 quarterstaff (spect)
rCold    . . .     Faith    .   (shield currently unavailable)
rNeg     . . .     Spirit   .   b - +0 leather armour
rPois    .         Reflect  .   (no helmet)
rElec    .         Harm     .   (no cloak)
rCorr    .         Rampage  .   (no gloves)
Will     .....                  (no barding)
Stlth    +.........             (no amulet)
HPRegen  0.14/turn              (no ring)
MPRegen  0.11/turn              (no ring)

@: no status effects
A: large, rugged brown scales 3, see invisible, deformed body, roll 1, armoured
tail
a: Rolling Charge


You were on level 3 of the Dungeon.
You visited 1 branch of the dungeon, and saw 3 of its levels.

You collected 72 gold pieces.

Inventory:

Hand Weapons
 a - a +0 mace
 l - a +1 spectral quarterstaff (weapon)
Missiles
 e - 4 boomerangs of dispersal
Armour
 b - a +0 leather armour (worn)
Scrolls
 d - 2 scrolls of blinking
 g - 4 scrolls of random uselessness {unknown}
 j - 2 scrolls of identify {unknown}
 k - 2 scrolls of immolation {unknown}
 o - a scroll of enchant armour {unknown}
 p - a scroll of teleportation {unknown}
Potions
 c - 5 potions of heal wounds {unknown}
 f - 2 potions of might
 h - 2 potions of berserk rage {unknown}
 i - a potion of invisibility {unknown}
 m - a potion of lignification {unknown}
 n - a potion of flight {unknown}


   Skills:
 - Level 2.0 Fighting
 + Level 5.4 Maces & Flails
 - Level 0.6 Throwing
 - Level 0.7 Armour
 - Level 1.5 Dodging
 - Level 2.0 Spellcasting
 - Level 3.0 Translocations


You had 8 spell levels left.
You didn't know any spells.
Your spell library contained the following spells:

 Spells                   Type           Power      Damage    Failure   Level
 Blink                    Tloc           N/A        N/A       12%         2
 Gell's Gravitas          Tloc           5%         N/A       24%         3
 Lesser Beckoning         Tloc           5%         N/A       24%         3
 Teleport Other           Tloc           10%        N/A       24%         3
 Manifold Assault         Tloc           10%        N/A       63%         4


Dungeon Overview and Level Annotations

Branches:
Dungeon (3/15)

Altars:


Innate Abilities, Weirdness & Mutations

You are completely covered in rugged brown scales. (AC +3, +7% HP)
You have supernaturally acute eyesight. (SInv)
Armour fits poorly on your strangely shaped body.
You can roll at nearby foes to attack.
You have a long armoured tail.


Message History

The leopard gecko bites you but does no damage.
You sock the leopard gecko!
You kill the leopard gecko!
The orc priest casts a cantrip, but nothing happens.
The orc hits you with a +0 hand axe.
You hit the orc. You tail-slap the orc.
You kill the orc!
The orc barely misses you.
You closely miss the orc. The orc hits you but does no damage.
You sock the orc!
You kill the orc!
You closely miss the orc priest.
The orc priest mumbles some strange prayers to Beogh against you.
Pain shoots through your body!
The orc priest hits you with a +0 hand axe.
You are too injured to fight recklessly!
You are too injured to fight recklessly!
You are too injured to fight recklessly!
You closely miss the orc priest. The orc priest closely misses you.
You closely miss the orc priest. The orc priest misses you.
You hit the orc priest but do no damage.
The orc priest hits you with a +0 hand axe.
You hit the orc priest.
Your tail-slap misses the orc priest.
The orc priest is moderately wounded.
The orc priest hits you with a +0 hand axe.
* * * LOW HITPOINT WARNING * * *
You hit the orc priest.
The orc priest is heavily wounded.
The orc priest closely misses you.
You barely miss the orc priest.
The orc priest is heavily wounded.
The orc priest hits you but does no damage.
You hit the orc priest but do no damage.
The orc priest is heavily wounded.
The orc priest miscasts a cantrip.
You hit the orc priest.
The orc priest is severely wounded.
The orc priest calls down the wrath of Beogh upon you.
Pain shoots through your body!
You die...

##############
#...)......>..
#.#####<#####.
#####.# #†#
#.....# #..
#.###.# #.## #@#
#.# #.# #######o#
#.. . ...
......oo#####..
.##
...##..o....... .
................
...#.....##.#..#.
#. #....)...... #
#...).#.....
##.....#....


You could see an orc priest and 3 orcs.

Vanquished Creatures
  An orc wizard (D:3)
  A worker ant (D:3)
  2 adders (D:2)
  2 worms
  2 dart slugs
  5 leopard geckos
  6 orcs (D:3)
  9 bats
  A giant cockroach (D:1)
  6 goblins
  5 hobgoblins
  10 jackals
  A quokka (D:3)
  2 ball pythons
  A frilled lizard (D:1)
  3 kobolds
  4 rats
61 creatures vanquished.

Notes
Turn   | Place    | Note
-------+----------+-------------------------------------------
     0 | D:1      | Anon1729 the Palentonga Warper began the quest for the Orb.
     0 | D:1      | Reached XP level 1. HP: 18/18 MP: 3/3
   149 | D:1      | Reached XP level 2. HP: 18/25 MP: 5/5
   328 | D:1      | Reached skill level 3 in Maces & Flails
   793 | D:1      | Reached XP level 3. HP: 28/31 MP: 6/6
  1144 | D:2      | Reached skill level 4 in Maces & Flails
  1468 | D:2      | Reached XP level 4. HP: 38/38 MP: 7/7
  2319 | D:3      | Reached skill level 5 in Maces & Flails
  2547 | D:3      | Reached XP level 5. HP: 35/43 MP: 8/8
  2656 | D:3      | Killed from afar by an orc priest

Illustrated notes

Levels and vault maps discovered:
D:1:      psy_arrival_basics, layout_loops_ring, serial_glass, glass_columns_a,
          glass_columns_b, glass_columns_b, glass_columns_a, feat_on_display,
          item_on_display_b, minmay_strange_pillars
D:2:      layout_basic
D:3:      layout_loops_ring, ebering_ghost_sewer_d,
          hangedman_abyss_or_decor_lesser_grid, hangedman_ru_absence

Skill      XL: |  1  2  3  4 |
---------------+-------------+-----
Maces & Flails | 3 4 5 |  5.4
Fighting       | |  2.0
Throwing       | |  0.6
Armour         | |  0.7
Dodging        | |  1.5
Spellcasting   | |  2.0
Translocations | |  3.0

Action                   |  1- 3 |  4- 6 || total
-------------------------+-------+-------++-------
Melee: Mace              |   108 |       ||   108
       Tailslap          |     6 |     2 ||     8
       Quarterstaff      |     9 |    60 ||    69
Throw: Boomerang         |       |     1 ||     1
 Stab: Distracted        |     1 |       ||     1
Armor: Leather armour    |    57 |    13 ||    70
Dodge: Dodged            |    69 |    23 ||    92

Table legend: (Time is in decaauts)
 A = Elapsed time spent in this place.
 B = Non-inter-level travel time spent in this place.
 C = Inter-level travel time spent in this place.
 D = Time resting spent in this place.
 E = Time spent auto-exploring this place.
 F = Levels seen in this place.
 G = Mean time per level.
                   A        B        C        D        E       F      G
               +--------+--------+--------+--------+--------+-----+--------+
         Total |   2693 |   2664 |     29 |    172 |   2134 |   3 |  897.7 |
       Dungeon |   2693 |   2664 |     29 |    172 |   2134 |   3 |  897.7 |
               +--------+--------+--------+--------+--------+-----+--------+

Top non-repeatable levels by time:
     D:2: 1271 daAuts
     D:1: 1099 daAuts
     D:3: 322 daAuts
